 Dungeon Crawl Stone Soup version 0.27-a0-1196-g3e9cee4cb2 (webtiles) character file.

Game seed: 15419025431727957636

245 Kinoniko the Cudgeller (level 5, -1/41 HPs)
             Began as a Demonspawn Fighter on May 27, 2021.
             Slain by an orc priest
             ... wielding a +0 war axe
              (5 damage)
             ... on level 4 of the Dungeon.
             The game lasted 00:03:41 (4209 turns).

Kinoniko the Cudgeller (Demonspawn Fighter)         Turns: 4209, Time: 00:03:41

Health: -1/41      AC: 10    Str: 17    XL:     5   Next: 83%
Magic:  5/5        EV:  7    Int: 10    God:
Gold:   153        SH: 12    Dex: 12    Spells: 4/4 levels left

rFire    . . .     SeeInvis .   m - +4 flail (venom)
rCold    . . .     Faith    .   c - +0 kite shield
rNeg     . . .     Spirit   .   b - +0 scale mail
rPois    .         Reflect  .   (no helmet)
rElec    .         Harm     .   t - +0 cloak
rCorr    +         Rampage  .   o - +1 pair of gloves
Will     .....                  (no boots)
Stlth    ..........             (no amulet)
HPRegen  0.13/turn              i - ring of resist corrosion
MPRegen  0.09/turn              (no ring)

@: mighty
A: claws 1, powered by pain 1, condensation shield
a: no special abilities


You were on level 4 of the Dungeon.
You visited 1 branch of the dungeon, and saw 4 of its levels.

You collected 153 gold pieces.

Inventory:

Hand Weapons
 a - a +0 war axe
 m - a +4 flail of venom (weapon)
Missiles
 l - 8 curare-tipped darts (quivered)
Armour
 b - a +0 scale mail (worn)
 c - a +0 kite shield (worn)
 o - a +1 pair of gloves (worn)
 t - a +0 cloak (worn)
Jewellery
 i - a ring of resist corrosion (left hand)
Wands
 r - a wand of digging (7)
Scrolls
 e - 3 scrolls of teleportation
 f - a scroll of holy word
 h - a scroll of blinking
 n - 2 scrolls of immolation
Potions
 k - a potion of brilliance
 s - a potion of mutation {unknown}


   Skills:
 - Level 3.0 Fighting
 - Level 3.5(4.3) Axes
 * Level 3.7(4.4) Maces & Flails
 - Level 3.0 Armour
 - Level 2.8 Shields


You had 4 spell levels left.
You didn't know any spells.
Your spell library contained the following spells:

 Spells                   Type           Power      Damage    Failure   Level
 Magic Dart               Conj           0%         1d3       99%         1
 Blink                    Tloc           N/A        N/A       100%        2
 Call Imp                 Summ           0%         N/A       100%        2
 Slow                     Hex            0%         N/A       100%        2
 Conjure Flame            Conj/Fire      0%         6-21      100%        3
 Mephitic Cloud           Conj/Pois/Air  0%         N/A       100%        3


Dungeon Overview and Level Annotations

Branches:
Dungeon (4/15)
 Temple: D:4-7

Altars:

Shops:
D:2 =


Innate Abilities, Weirdness & Mutations

You have sharp fingernails.
You sometimes gain a little power by taking damage.
A meltable shield of frost defends you. (SH +4)


Message History

You closely miss the hound.
The hound is heavily wounded.
The hound bites you but does no damage. You block the orc's attack.
The orc priest looks encouraged for a moment.
The orc hits you but does no damage.
The orc priest looks satisfied for a moment.
You block the hound's attack. The orc hits you but does no damage. x2
You closely miss the hound.
The hound is heavily wounded.
You block the hound's attack. You block the orc priest's attack.
You block the orc's attack.
The orc priest hits you with a +0 war axe.
The orc hits you but does no damage. The hound closely misses you.
The orc hits you with a +0 hand axe.
The orc priest hits you but does no damage.
The orc hits you with a +0 whip.
The orc priest hits you but does no damage.
The orc barely misses you.
You are too injured to fight recklessly!
You are too injured to fight recklessly!
You are too injured to fight recklessly!
Unknown command.
You bludgeon the orc priest!!
You kill the orc priest!
You block the hound's attack. The orc hits you with a +0 hand axe.
The hound bites you but does no damage.
The orc priest calls down the wrath of Beogh upon you.
Pain shoots through your body!
* * * LOW HITPOINT WARNING * * *
You block the orc's attack. The orc barely misses you.
The orc hits you but does no damage.
You hit the hound.
You kill the hound!
The orc hits you with a +0 whip.
* * * LOW HITPOINT WARNING * * *
You block the orc priest's attack. The orc barely misses you.
The goblin hits you but does no damage. The orc barely misses you.
You block the orc's attack.
The orc priest hits you with a +0 war axe.
You die...

.......)...#
...........#
...........
..........#
..........
.........#
......o.g#
.....Jo@#
......oo##
.........###
.......#...##
......####..###
.#.... ###..###
#####
##...#####
.........
###.....#
........#
##....#


You could see an orc priest, 3 orcs, an endoplasm and a goblin.

Vanquished Creatures
  Crazy Yiuf (D:3)
  A hound (D:4)
  3 orc priests
  A hound skeleton (D:4)
  An adder (D:4)
  2 worms
  A dart slug (D:1)
  9 orcs
  10 endoplasms
  4 hobgoblins
  9 jackals
  5 quokkas
  8 ball pythons
  8 bats
  2 frilled lizards
  8 goblins
  6 kobolds
  5 rats
84 creatures vanquished.

Notes
Turn   | Place    | Note
-------+----------+-------------------------------------------
     0 | D:1      | Kinoniko the Demonspawn Fighter began the quest for the
                  | Orb.
     0 | D:1      | Reached XP level 1. HP: 18/18 MP: 1/1
   439 | D:1      | Gained mutation: A meltable shield of frost defends you.
                  | (SH +4) [demonic ancestry]
   439 | D:1      | Reached XP level 2. HP: 22/24 MP: 2/2
   686 | D:1      | Found a faded altar of an unknown god.
  1009 | D:1      | Gained mutation: You have sharp fingernails. [demonic
                  | ancestry]
  1009 | D:1      | Reached XP level 3. HP: 29/29 MP: 3/3
  2097 | D:2      | Found Lomibuw's Jewellery Shop.
  2214 | D:3      | Reached XP level 4. HP: 17/35 MP: 4/4
  2549 | D:3      | Found a runed translucent door.
  2550 | D:3      | Noticed Crazy Yiuf
  2791 | D:3      | Reached skill level 1 in Maces & Flails
  3550 | D:3      | Killed Crazy Yiuf
  3551 | D:3      | Gained mutation: You sometimes gain a little power by
                  | taking damage. [demonic ancestry]
  3551 | D:3      | Reached XP level 5. HP: 16/41 MP: 5/5
  4209 | D:4      | Slain by an orc priest

Illustrated notes

Levels and vault maps discovered:
D:1:      dpeg_arrival_yet_another_circle, layout_basic,
          shapermc_ecumenical_altar_flowoftime, minmay_misc_feat_encased,
          minivault_5
D:2:      layout_basic, serial_shops, shop, st_stairs_10
D:3:      layout_loops_corners, mrwooster_statue_mirror, uniq_crazy_yiuf_cottage
D:4:      layout_cave_pods, okawaru_altar_gauntlet_db,
          minmay_temple_entry_enclosed_plants, enter_ossuary_1,
          chequers_serial_rivers_micro_a, minivault_4, uniq_eustachio

Skill      XL: |  1  2  3  4  5 |
---------------+----------------+-----
Armour         | 3 |  3.0
Axes           | 2 3 |  3.5
Maces & Flails | 2 3 |  3.7
Fighting       | |  3.0
Shields        | |  2.8

Action                   |  1- 3 |  4- 6 || total
-------------------------+-------+-------++-------
Melee: War axe           |   128 |     1 ||   129
       Flail             |       |    70 ||    70
  Use: Potion            |       |     3 ||     3
       Scroll            |       |     9 ||     9
Armor: Scale mail        |    66 |    38 ||   104
Dodge: Dodged            |    32 |    23 ||    55
Block: Kite shield       |    86 |    67 ||   153

Table legend: (Time is in decaauts)
 A = Elapsed time spent in this place.
 B = Non-inter-level travel time spent in this place.
 C = Inter-level travel time spent in this place.
 D = Time resting spent in this place.
 E = Time spent auto-exploring this place.
 F = Levels seen in this place.
 G = Mean time per level.
                   A        B        C        D        E       F      G
               +--------+--------+--------+--------+--------+-----+--------+
         Total |   4321 |   4274 |     47 |   1122 |   2620 |   4 | 1080.2 |
       Dungeon |   4321 |   4274 |     47 |   1122 |   2620 |   4 | 1080.2 |
               +--------+--------+--------+--------+--------+-----+--------+

Top non-repeatable levels by time:
     D:3: 1790 daAuts
     D:1: 1422 daAuts
     D:2: 819 daAuts
     D:4: 288 daAuts
